 Dungeon Crawl Stone Soup version 0.29-a0-82-g837932c90e (webtiles) character file.

Game seed: 13365737001535220934

175278 robertstho the Crack Shot (level 17, -1/162 (170) HPs)
             Began as a Minotaur Hunter on Feb 4, 2022.
             Was the Champion of Okawaru.
             Slain by a pharaoh ant (9 damage)
             ... on level 2 of the Spider Nest.
             The game lasted 00:54:39 (27982 turns).

robertstho the Crack Shot (Minotaur Hunter)        Turns: 27982, Time: 00:54:41

HP:   -1/162 (170)  AC: 20    Str: 18    XL:     17   Next: 47%
MP:   15/15         EV: 10    Int:  8    God:    Okawaru [******]
Gold: 1599          SH:  0    Dex: 15    Spells: 16/16 levels left

rFire   + + .      SeeInvis +   J - +9 longbow of Action {venom, rElec rC+ Str-3 SInv}
rCold   + . .      Faith    .   (shield currently unavailable)
rNeg    + + .      Spirit   .   B - +2 chain mail of the Imp {rElec rPois rN++ MP-9}
rPois   +          Reflect  .   (helmet restricted)
rElec   +          Harm     .   L - +2 cloak "Fotaxt" {Rampage rF+ SInv Stlth-}
rCorr   .          Rampage  +   o - +2 pair of gloves {hurl}
Will    +....                   X - +2 pair of boots
Stlth   ..........              m - amulet of regeneration
HPRegen 1.17/turn               k - ring of protection from fire
MPRegen 0.14/turn               H - +4 ring of protection

@: corroded, lightly drained
A: horns 2, retaliatory headbutt
a: Renounce Religion, Heroism, Finesse, Duel


You were on level 2 of the Spider Nest.
You worshipped Okawaru.
Okawaru was exalted by your worship.
You visited 5 branches of the dungeon, and saw 26 of its levels.
You also visited: Ossuary, Bailey, Gauntlet and Volcano.

You collected 3151 gold pieces.
You spent 1552 gold pieces at shops.

Inventory:

Hand Weapons
 J - the +9 longbow of Action (weapon) {venom, rElec rC+ Str-3 SInv}
   (Okawaru gifted it to you on level 13 of the Dungeon)

   Any ammunition fired from it poisons the flesh of those it strikes.
   Str:       It affects your strength (-3).
   rC:        It protects you from cold.
   rElec:     It insulates you from electricity.
   SInv:      It lets you see invisible.
 S - a +0 triple sword of holy wrath
 W - a +2 demon blade of draining
Missiles
 g - 219 arrows (quivered ammo)
Armour
 o - a +2 pair of gloves of hurling (worn)
 r - a +2 plate armour of fire resistance
 w - a scarf of invisibility
 B - the +2 chain mail of the Imp (worn) {rElec rPois rN++ MP-9}
   (You bought it in a shop on level 1 of the Orcish Mines)

   rElec:     It insulates you from electricity.
   rPois:     It protects you from poison.
   rN:        It greatly protects you from negative energy.
   MP:        It affects your magic capacity (-9).
 F - +0 acid dragon scales
 L - the +2 cloak "Fotaxt" (worn) {Rampage rF+ SInv Stlth-}
   (You found it on level 11 of the Dungeon)

   rF:        It protects you from fire.
   SInv:      It lets you see invisible.
   Rampage:   It bestows one free step when moving towards enemies.
   Stlth:     It makes you less stealthy.
 M - the +0 kite shield of the Candlemaker {-Cast rN+ Regen+ rCorr}
   (Okawaru gifted it to you on level 12 of the Dungeon)

   rN:        It protects you from negative energy.
   -Cast:     It prevents spellcasting.
   Regen:     It increases your rate of health regeneration.
   rCorr:     It protects you from acid and corrosion.
 X - a +2 pair of boots (worn)
Jewellery
 k - a ring of protection from fire (left hand)
 m - an amulet of regeneration (around neck)
 y - a ring of see invisible
 H - a +4 ring of protection (right hand)
 K - a ring of willpower
 O - a ring of protection from cold
 U - a ring of ice
Wands
 t - a wand of iceblast (31)
 E - a wand of digging (8)
 T - a wand of acid (8)
Scrolls
 b - a scroll of silence
 e - a scroll of enchant weapon
 n - 3 scrolls of enchant armour
 p - 3 scrolls of immolation
 q - 9 scrolls of fear
 s - 4 scrolls of fog
 C - a scroll of blinking
 D - 2 scrolls of holy word
 Q - 6 scrolls of teleportation
 Y - 3 scrolls of identify
 Z - a scroll of magic mapping
Potions
 f - 9 potions of heal wounds
 h - 3 potions of mutation
 i - 6 potions of magic
 l - 7 potions of curing
 v - 2 potions of cancellation
 G - 3 potions of might
 I - a potion of resistance
 N - 6 potions of haste
 P - 3 potions of ambrosia
 V - 4 potions of flight


   Skills:
 * Level 20.0 Fighting
 + Level 6.0 Long Blades
 * Level 22.0 Bows
 + Level 11.7 Armour
 + Level 4.9 Dodging
 + Level 2.5 Stealth
 * Level 11.2 Invocations
 + Level 1.1 Evocations


You had 16 spell levels left.
You didn't know any spells.
Your spell library contained the following spells:

 Spells                   Type           Power      Damage    Failure   Level
 Apportation              Tloc           0%         N/A       98%         1
 Magic Dart               Conj           0%         1d3       98%         1
 Pain                     Necr           0%         1d4       98%         1
 Slow                     Hex            0%         N/A       98%         1
 Searing Ray              Conj           0%         2d4       99%         2
 Static Discharge         Conj/Air       0%         N/A       99%         2
 Sublimation of Blood     Necr           0%         N/A       99%         2
 Confusing Touch          Hex            0%         N/A       100%        3
 Conjure Flame            Conj/Fire      0%         6-21      100%        3
 Ignite Poison            Fire/Tmut/Pois 0%         N/A       100%        3
 Portal Projectile        Hex/Tloc       0%         N/A       100%        3
 Vampiric Draining        Necr           0%         2d6       100%        3
 Fulminant Prism          Conj/Hex       0%         3d6       100%        4
 Iskenderun's Mystic Bla  Conj/Tloc      0%         2d3       100%        4
 Leda's Liquefaction      Hex/Erth       0%         N/A       100%        4
 Passage of Golubria      Tloc           0%         N/A       100%        4
 Petrify                  Tmut/Erth      0%         N/A       100%        4
 Sticky Flame             Conj/Fire      0%         2d3       100%        4
 Alistair's Intoxication  Tmut/Pois      0%         N/A       100%        5
 Borgnjor's Vile Clutch   Necr/Erth      0%         N/A       100%        5
 Irradiate                Conj/Tmut      0%         3d14      100%        5
 Lee's Rapid Deconstruct  Erth           0%         3d5*      100%        5
 Lightning Bolt           Conj/Air       0%         1d11      100%        5
 Silence                  Hex/Air        0%         N/A       100%        5
 Dispersal                Tloc           0%         N/A       100%        6
 Eringya's Noxious Bog    Tmut/Pois      0%         N/A       100%        6
 Statue Form              Tmut/Erth      0%         N/A       100%        6
 Disjunction              Tloc           0%         N/A       100%        8
 Lehudib's Crystal Spear  Conj/Erth      0%         10d2      100%        8
 Maxwell's Capacitive Co  Air            0%         ∞         100%        8
 Chain Lightning          Conj/Air       0%         N/A       100%        9
 Fire Storm               Conj/Fire      0%         5d1       100%        9
 Shatter                  Erth           0%         3d5*      100%        9
 Animate Skeleton         Necr           Unusable   N/A       N/A         1
 Call Canine Familiar     Summ           Unusable   N/A       N/A         3
 Malign Gateway           Summ/Tloc      Unusable   N/A       N/A         7
 Summon Horrible Things   Summ           Unusable   N/A       N/A         8

Dungeon Overview and Level Annotations

Branches:
Dungeon (15/15)            Temple (1/1) D:6            Lair (6/6) D:11
 Shoals (0/4) Lair:2       Spider (2/4) Lair:2        Slime (0/5) Lair:6
    Orc (2/2) D:10            Elf (0/3) Orc:2        Vaults (0/5) D:13
 Depths (0/4) D:15        Ossuary (visited)          Bailey (visited)
Volcano (visited)         Gauntlet (visited)

Altars:
Ashenzari
Cheibriados
Dithmenos
Gozag
Hepliaklqana
Kikubaaqudgha
Makhleb
Okawaru
Qazlal
Ru
Trog
Uskayaw
Vehumet
Wu Jian
Xom
Yredelemnul
Zin
The Shining One
Jiyva

Shops:
D:8 (   D:11 *   Orc:1 [   Orc:2 ![**

Portals:
Trove: D:15 (show abyssal rune of Zot)

Annotations:
D:3 3 runed translucent doors, dolemite99's ghost, amateur HOMo


Innate Abilities, Weirdness & Mutations

You have a pair of horns on your head.
You reflexively headbutt those who attack you in melee.


Message History

The redback is severely wounded.
The redback bites you but does no damage.
The pharaoh ant bites you! You partially resist.
You feel drained. The culicivora barely misses you.
Fire: 222 arrows
Press: ? - help, Q - select action, (/) - cycle Shift-Dir - straight line, f/p - redback
Aim: a redback (severely wounded, very poisoned, 75% to hit)
You shoot an arrow. The arrow hits the redback!!
You kill the redback!
Okawaru accepts your kill. The pharaoh ant bites you!
* * * LOW HITPOINT WARNING * * *
The culicivora bites you.
* * * LOW HITPOINT WARNING * * *
Fire: 221 arrows
Press: ? - help, Q - select action, (/) - cycle Shift-Dir - straight line, f - culicivora
Aim: a culicivora (68% to hit)
You shoot an arrow. The arrow hits the culicivora.
The culicivora is poisoned.
The culicivora is lightly wounded.
The pharaoh ant bites you but does no damage.
The culicivora bites you!
* * * LOW HITPOINT WARNING * * *
The culicivora draws strength from your injuries!
Fire: 220 arrows
Press: ? - help, Q - select action, (/) - cycle Shift-Dir - straight line, f/p - culicivora
Aim: a culicivora (very poisoned, 68% to hit)
You shoot an arrow. The arrow hits the culicivora.
The culicivora is lightly wounded.
The pharaoh ant bites you!
* * * LOW HITPOINT WARNING * * *
The culicivora bites you!
* * * LOW HITPOINT WARNING * * *
You feel much better. The pharaoh ant bites you!!
* * * LOW HITPOINT WARNING * * *
You partially resist.
You feel drained.
* * * LOW HITPOINT WARNING * * *
The culicivora closely misses you. You furiously retaliate!
You headbutt the culicivora, but do no damage.
The pharaoh ant bites you!
You die...

#### ##### ##(.##
.....##....#
$.#.#..(@(..##
#.<^..(B#s^..#
##....(..(#..#
#^....(.<# ..#
#.....(.^(.....#
#^....^(((.......
#.(...#...##.....
.#..#...... .s..#
.........#. ..##


You could see a culicivora (very poisoned) and a pharaoh ant.

Vanquished Creatures
  Roxanne (D:15)
  An emperor scorpion (Spider:1)
  An orc warlord (Orc:2)
  A reaper (Gauntlet)
  The ghost of Daelid the Impaler, a journeyman MfGl of Yredelemnul (Lair:4)
  3 dire elephants (Lair:6)
  2 minotaurs
  2 entropy weavers
  Snorg (D:14)
  A red draconian (Volcano)
  The ghost of Theoretic the Unseen, a journeyman SpEn of Dithmenos (Spider:1)
  An ettin (Orc:2)
  A fire dragon (D:14)
  Erolcha (D:9)
  3 vault guards
  8 hydras
  A catoblepas (D:15)
  4 boulder beetles
  2 ogre magi
  A radroach (Spider:1)
  A jorogumo (Lair:2)
  15 two-headed ogres
  A tengu warrior (D:15)
  A vampire mage (D:15)
  14 death yaks
  Urug (Lair:1)
  3 orc high priests (Orc:2)
  9 skeletal warriors (D:15)
  A spectral death yak (Lair:6)
  3 sun moths (Spider:1)
  A steelbarb worm (Spider:1)
  A spectral anaconda (Lair:6)
  2 pharaoh ants
  An orb spider (Spider:1)
  An obsidian statue (Lair:6)
  A lindwurm (Lair:3)
  A tengu zombie (D:15)
  7 orc knights
  A deep elf pyromancer (D:15)
  5 necromancers
  5 orc sorcerers
  7 wolf spiders
  5 cyclopes
  3 manticores
  12 ugly things
  A frost giant zombie (D:15)
  2 dire elephant zombies (Lair:6)
  Maurice (D:13)
  12 elephants
  7 black mambas
  A torpor snail (Spider:2)
  A spriggan zombie (D:15)
  10 cane toads
  An ice statue (D:15)
  2 gargoyles
  An efreet (D:14)
  An unseen horror (D:12)
  3 rime drakes
  A freezing wraith (D:13)
  2 demonic crawlers (Lair:2)
  A tengu conjurer (D:15)
  A hellwing (Gauntlet)
  A guardian mummy (D:15)
  15 komodo dragons
  5 trolls
  2 polar bears (Lair:6)
  4 hornets
  Prince Ribbit (Bailey)
  A meliai zombie (D:11)
  14 dream sheep (Lair:4)
  6 slime creatures (D:13)
  19 blink frogs
  3 spectral elephants (Lair:6)
  7 tarantellas
  9 jumping spiders
  A centaur simulacrum (D:15)
  2 shadows
  2 wyverns
  A spriggan skeleton (D:15)
  41 yaks
  3 humans (Bailey)
  10 culicivoras
  11 basilisks
  5 vampire mosquitoes
  A steam dragon (D:9)
  18 redbacks
  An acid dragon (D:9)
  A warg (Orc:2)
  21 water moccasins
  3 elephant zombies (Lair:6)
  An ice beast (D:7)
  37 orc warriors
  3 black bears (D:6)
  10 ogres
  2 necrophages
  26 wolves
  7 centaurs
  4 kobold brigands
  26 bullfrogs
  6 scorpions
  3 gnoll sergeants
  5 water moccasin zombies
  A wyvern skeleton (D:7)
  2 elephant simulacra (Lair:6)
  4 wights
  5 killer bees (D:9)
  2 electric eels
  6 crimson imps (D:14)
  10 centaur zombies
  3 hounds
  2 bullfrog zombies
  2 jellies
  Crazy Yiuf (D:2)
  2 gnoll shamans (D:8)
  17 orc priests
  A bullfrog skeleton (D:5)
  An iguana (D:7)
  27 orc wizards
  2 hell rats (Lair:2)
  A hound zombie (D:4)
  2 mummies (Ossuary)
  A hound skeleton (D:4)
  30 gnolls
  A howler monkey skeleton (D:6)
  3 adders
  7 river rats (Lair:2)
  A shadow imp (Gauntlet)
  5 white imps
  8 adder zombies
  2 worms
  4 dart slugs
  81 orcs
  4 endoplasms
  7 giant cockroaches
  7 gnoll zombies (Ossuary)
  14 hobgoblins
  4 jackals (D:5)
  16 kobolds
  3 quokkas
  6 ball pythons
  4 bats
  7 frilled lizards
  15 goblins
  5 hobgoblin zombies (Ossuary)
  4 kobold zombies (Ossuary)
  10 orc zombies (Ossuary)
  3 rats
  A fire vortex (D:15)
869 creatures vanquished.

Vanquished Creatures (others)
  A wolf (Gauntlet)
  An orc wizard (D:6)
  16 fungi
  41 plants
  43 withered plants
102 creatures vanquished.

Grand Total: 971 creatures vanquished

Notes
Turn   | Place    | Note
-------+----------+-------------------------------------------
     0 | D:1      | robertstho the Minotaur Hunter began the quest for the Orb.
     0 | D:1      | Reached XP level 1. HP: 18/18 MP: 0/0
   153 | D:1      | Reached XP level 2. HP: 25/25 MP: 1/1
   561 | D:1      | Reached skill level 5 in Bows
  1125 | D:2      | Reached XP level 3. HP: 29/30 MP: 2/2
  1354 | D:2      | Found a faded altar of an unknown god.
  1598 | D:2      | You fall into a shaft and drop 1 floor!
  1656 | D:3      | Found a runed translucent gate.
  1656 | D:3      | Found a runed translucent gate.
  1657 | D:3      | Found a runed translucent gate.
  1658 | D:3      | Noticed dolemite99's ghost (amateur HOMo)
  1697 | D:3      | Reached XP level 4. HP: 38/38 MP: 3/3
  1752 | D:3      | Reached skill level 1 in Armour
  1989 | D:3      | Found an opulent altar of Gozag.
  2083 | D:2      | Found a hazy altar of Hepliaklqana.
  2123 | D:2      | Found a runed translucent door.
  2124 | D:2      | Noticed Crazy Yiuf
  2680 | D:2      | Killed Crazy Yiuf
  3195 | D:4      | Reached skill level 1 in Long Blades
  3235 | D:4      | Noticed an ogre
  3252 | D:4      | Killed an ogre
  3253 | D:4      | Reached skill level 6 in Bows
  3253 | D:4      | Reached XP level 5. HP: 13/46 MP: 4/4
  3880 | D:4      | Noticed an orc warrior
  3891 | D:5      | Entered Level 5 of the Dungeon
  3909 | D:5      | Reached XP level 6. HP: 37/53 MP: 5/5
  4042 | D:5      | Found a burning altar of Makhleb.
  4182 | D:5      | Reached skill level 1 in Stealth
  4388 | D:5      | Reached skill level 5 in Fighting
  4392 | D:5      | Reached skill level 7 in Bows
  4392 | D:5      | Reached XP level 7. HP: 53/61 MP: 6/6
  4895 | D:6      | Found a staircase to the Ecumenical Temple.
  4934 | Temple   | Entered the Ecumenical Temple
  4946 | Temple   | Became a worshipper of Warmaster Okawaru
  5049 | D:6      | Identified the +4 shortbow of Tumult {vorpal, Fragile Dex+3
                  | SInv}
  5304 | D:6      | Reached skill level 8 in Bows
  5304 | D:6      | Reached skill level 1 in Invocations
  5304 | D:6      | Reached XP level 8. HP: 44/70 MP: 7/7
  5400 | D:7      | Found a sand-covered staircase.
  5412 | D:7      | Reached * piety under Okawaru
  5420 | D:7      | Found an ornate altar of the Wu Jian Council.
  5424 | Ossuary  | Entered an ossuary
  5893 | D:7      | Reached skill level 5 in Long Blades
  6489 | D:6      | Reached ** piety under Okawaru
  6588 | D:6      | Reached XP level 9. HP: 79/79 MP: 8/10
  6684 | D:6      | Found the +3 Mad Mage's Maulers {Infuse+∞ RegenMP Int-3}
  6726 | D:6      | Reached skill level 9 in Bows
  7316 | D:4      | Found a basalt altar of Yredelemnul.
  7804 | D:8      | Reached skill level 5 in Armour
  7835 | D:8      | Reached skill level 10 in Bows
  7893 | D:8      | Found Cuttups's Antique Weapon Shoppe.
  7957 | D:8      | Found a stormy altar of Qazlal.
  8237 | D:8      | Noticed a cyclops
  8252 | D:8      | Killed a cyclops
  8252 | D:8      | Reached *** piety under Okawaru
  8326 | D:8      | Found a flagged portal.
  8351 | Bailey   | Entered a bailey
  8362 | Bailey   | Reached XP level 10. HP: 90/90 MP: 11/11
  8370 | Bailey   | Reached skill level 11 in Bows
  8471 | Bailey   | Received a gift from Okawaru
  8529 | Bailey   | Noticed a vault guard
  8529 | Bailey   | Noticed Prince Ribbit
  8538 | Bailey   | Killed Prince Ribbit
  8558 | Bailey   | Killed a vault guard
  8558 | Bailey   | Reached **** piety under Okawaru
  8640 | Bailey   | Noticed a vault guard
  8661 | Bailey   | Killed a vault guard
  8662 | Bailey   | Reached skill level 12 in Bows
  8834 | D:8      | Found a shadowy altar of Dithmenos.
  9158 | D:9      | Received a gift from Okawaru
  9180 | D:9      | Reached skill level 10 in Fighting
  9280 | D:9      | Noticed a two-headed ogre
  9286 | D:9      | Killed a two-headed ogre
  9286 | D:9      | Reached ***** piety under Okawaru
  9287 | D:9      | Reached skill level 13 in Bows
  9375 | D:9      | Reached skill level 5 in Invocations
  9490 | D:9      | Reached XP level 11. HP: 98/100 MP: 13/13
  9797 | D:9      | Noticed Erolcha
  9811 | D:9      | Killed Erolcha
  9811 | D:9      | Received a gift from Okawaru
 10121 | D:10     | Entered Level 10 of the Dungeon
 10246 | D:10     | Received a gift from Okawaru
 10246 | D:10     | Found the +15 Maxwell's patent armour {-Cast -Tele rElec
                  | Will+ rCorr}
 10446 | D:10     | Found an ancient bone altar of Kikubaaqudgha.
 10486 | D:10     | Reached skill level 14 in Bows
 10653 | D:10     | Found a staircase to the Orcish Mines.
 11357 | D:11     | Noticed a +0 falchion
 11358 | D:11     | Noticed a +0 short sword
 11359 | D:11     | Noticed a +0 spear
 11360 | D:11     | Noticed a +0 falchion
 11360 | D:11     | Noticed a +0 dagger
 11437 | D:11     | Found Izejiy's Demolitions Depot.
 11672 | D:11     | Identified the +2 cloak "Fotaxt" {Rampage rF+ SInv Stlth-}
 11870 | D:11     | Noticed a two-headed ogre
 11874 | D:11     | Killed a two-headed ogre
 11948 | D:11     | Noticed a +0 spear
 11957 | D:11     | Found a hide-covered altar of Uskayaw.
 11957 | D:11     | Noticed a +0 dagger
 11957 | D:11     | Noticed a +0 short sword
 12036 | D:11     | Found a staircase to the Lair.
 12139 | D:12     | Reached XP level 12. HP: 106/113 MP: 15/15
 12219 | D:12     | Reached skill level 15 in Bows
 12306 | D:12     | Identified the +0 kite shield of the Candlemaker {-Cast rN+
                  | Regen+ rCorr} (Okawaru gifted it to you on level 12 of the
                  | Dungeon)
 12306 | D:12     | Received a gift from Okawaru
 12315 | D:12     | Noticed a two-headed ogre
 12324 | D:12     | Killed a two-headed ogre
 12886 | D:13     | Noticed Maurice
 12895 | D:13     | Killed Maurice
 13125 | D:13     | Noticed a two-headed ogre
 13131 | D:13     | Killed a two-headed ogre
 13521 | D:13     | Noticed a six-headed hydra
 13567 | D:13     | Killed a six-headed hydra
 13676 | D:13     | Noticed a vault guard
 13698 | D:13     | Killed a vault guard
 13698 | D:13     | Identified the +9 longbow of Action {venom, rElec rC+ Str-3
                  | SInv} (Okawaru gifted it to you on level 13 of the Dungeon)
 13698 | D:13     | Received a gift from Okawaru
 13728 | D:13     | Found a gate to the Vaults.
 13814 | Lair:1   | Entered Level 1 of the Lair of Beasts
 13822 | Lair:1   | Reached skill level 16 in Bows
 13824 | Lair:1   | Noticed a seven-headed hydra
 13830 | Lair:1   | Killed a seven-headed hydra
 13926 | Lair:1   | Noticed Urug
 14030 | Lair:1   | Killed Urug
 14031 | Lair:1   | Reached XP level 13. HP: 44/125 MP: 17/17
 14239 | Lair:1   | Received a gift from Okawaru
 14482 | Lair:1   | Received a gift from Okawaru
 14793 | Lair:1   | Identified the +7 whip "Gocsuobb" {flame, Dex+2}
 15075 | Lair:2   | Found a staircase to the Shoals.
 15155 | Lair:2   | Reached skill level 17 in Bows
 15198 | Lair:2   | Reached skill level 15 in Fighting
 15437 | Lair:2   | Found a hole to the Spider Nest.
 15722 | Lair:2   | You fall into a shaft and drop 1 floor!
 15735 | Lair:3   | Reached ****** piety under Okawaru
 15948 | Lair:3   | Identified the +0 kite shield of the Tanner {Drain Int+4}
                  | (Okawaru gifted it to you on level 3 of the Lair of Beasts)
 15948 | Lair:3   | Received a gift from Okawaru
 16350 | Lair:3   | Found a runed translucent door.
 16910 | Lair:3   | Noticed a minotaur
 16918 | Lair:3   | Killed a minotaur
 17122 | Lair:4   | Reached skill level 18 in Bows
 17358 | Lair:4   | Noticed Daelid's ghost (journeyman MfGl)
 17388 | Lair:4   | Reached XP level 14. HP: 136/136 MP: 19/19
 17399 | Lair:4   | Received a gift from Okawaru
 17938 | Lair:4   | Found a runed translucent door.
 18311 | Lair:4   | Killed Daelid's ghost
 18507 | Lair:5   | Reached skill level 19 in Bows
 18658 | Lair:5   | Found a dark tunnel.
 18702 | Volcano  | Entered a volcano
 18726 | Volcano  | Received a gift from Okawaru
 18730 | Volcano  | Found a burning altar of Makhleb.
 18766 | Volcano  | Received a gift from Okawaru
 19464 | Lair:6   | Entered Level 6 of the Lair of Beasts
 19940 | Lair:6   | Received a gift from Okawaru
 20038 | Lair:6   | Received a gift from Okawaru
 20123 | Lair:6   | Found a viscous altar of Jiyva.
 20124 | Lair:6   | Found a staircase to the Slime Pits.
 20402 | Lair:6   | Found the +10 Black Knight's barding {ponderous, rPois rN+}
 20410 | Lair:6   | Reached skill level 20 in Bows
 20662 | Lair:6   | Reached XP level 15. HP: 132/147 MP: 21/21
 21025 | Lair:6   | Received a gift from Okawaru
 21694 | Orc:1    | Entered Level 1 of the Orcish Mines
 21694 | Orc:1    | Found Qaxtoal's Antique Armour Shop.
 22065 | Orc:1    | Bought a bloodstained chain mail for 285 gold pieces
 22065 | Orc:1    | Identified the +2 chain mail of the Imp {rElec rPois rN++
                  | MP-9} (You bought it in a shop on level 1 of the Orcish
                  | Mines)
 22065 | Orc:1    | Bought a heavily runed chain mail for 285 gold pieces
 22065 | Orc:1    | Identified the +1 chain mail of Quiescent Freedom {-Tele
                  | Int+5 Dex+9} (You bought it in a shop on level 1 of the
                  | Orcish Mines)
 22241 | Orc:2    | Entered Level 2 of the Orcish Mines
 22413 | Orc:2    | Received a gift from Okawaru
 22463 | Orc:2    | Found a staircase to the Elven Halls.
 22600 | Orc:2    | Received a gift from Okawaru
 22607 | Orc:2    | Reached skill level 10 in Invocations
 22662 | Orc:2    | Received a gift from Okawaru
 22691 | Orc:2    | Found Abefo's General Store.
 22691 | Orc:2    | Found Koloerej's Distillery.
 22725 | Orc:2    | Found Isuwiur's Armour Shoppe.
 22725 | Orc:2    | Found Nidgheib's General Store.
 22731 | Orc:2    | Bought a potion of flight for 36 gold pieces
 22731 | Orc:2    | Bought a potion of heal wounds for 60 gold pieces
 22731 | Orc:2    | Bought a potion of experience for 600 gold pieces
 22731 | Orc:2    | Bought a potion of curing for 36 gold pieces
 22735 | Orc:2    | Bought a scroll of teleportation for 48 gold pieces
 22735 | Orc:2    | Bought a scroll of identify for 32 gold pieces
 22735 | Orc:2    | Bought a potion of heal wounds for 80 gold pieces
 22737 | Orc:2    | Bought a scroll of identify for 30 gold pieces
 22737 | Orc:2    | Bought a scroll of identify for 30 gold pieces
 22737 | Orc:2    | Bought a scroll of identify for 30 gold pieces
 22820 | Orc:2    | Reached skill level 1 in Evocations
 22820 | Orc:2    | Reached XP level 16. HP: 157/157 MP: 13/22
 23174 | Orc:2    | Reached skill level 21 in Bows
 23424 | D:14     | Found a gate leading to a gauntlet.
 23462 | Gauntlet | Entered a Gauntlet
 23462 | Gauntlet | Found a transporter.
 23462 | Gauntlet | Found a transporter.
 23466 | Gauntlet | Found a transporter.
 23466 | Gauntlet | Found a transporter.
 23466 | Gauntlet | Found a transporter.
 23476 | Gauntlet | Found a transporter.
 23480 | Gauntlet | Found a transporter.
 23492 | Gauntlet | Found a transporter.
 23532 | Gauntlet | Found a transporter.
 23590 | Gauntlet | Found a transporter.
 23594 | Gauntlet | Found a transporter.
 23604 | Gauntlet | Found a transporter.
 23669 | Gauntlet | Reached skill level 10 in Armour
 23778 | Gauntlet | Received a gift from Okawaru
 23953 | Gauntlet | Identified the +4 hand axe "Socw" {vorpal, rC+}
 24241 | D:14     | Noticed Snorg
 24248 | D:14     | Killed Snorg
 24571 | D:15     | Entered Level 15 of the Dungeon
 24751 | D:15     | Found a staircase to the Depths.
 24860 | D:15     | Received a gift from Okawaru
 25141 | D:15     | Noticed Roxanne
 25155 | D:15     | Killed Roxanne
 25428 | D:15     | Reached XP level 17. HP: 168/168 MP: 15/24
 25825 | D:15     | Found a bloodstained altar of Trog.
 25859 | D:15     | Found a portal to a secret trove of treasure.
 26268 | Spider:1 | Entered Level 1 of the Spider Nest
 26630 | Lair:2   | Received a gift from Okawaru
 26788 | Spider:1 | Found a runed translucent door.
 26789 | Spider:1 | Noticed Theoretic's ghost (journeyman SpEn)
 27031 | Spider:1 | Received a gift from Okawaru
 27677 | Spider:1 | Killed Theoretic's ghost
 27912 | Spider:1 | Reached skill level 22 in Bows
 27981 | Spider:2 | HP: 3/165 [culicivora (10)]
 27982 | Spider:2 | Slain by a pharaoh ant

Illustrated notes

Levels and vault maps discovered:
D:1:      dpeg_arrival_simpleton_a, layout_loops_corners,
          lexackson_kobold_supper
D:2:      layout_rooms, shapermc_ecumenical_altar_flowoftime, basic_altar,
          uniq_crazy_yiuf_cottage
D:3:      layout_basic, nicolae_overflow_crystal_walls,
          gammafunk_ghost_necromancy
D:4:      nicolae_cairo_tiling_very_big, layout_loops_ring,
          nicolae_yredelemnul_corpse_copse
D:5:      layout_rooms, mainiacjoe_overflow_brackets
D:6:      minmay_chambers_of_threes, layout_basic, temple_fountains,
          dk_noncrumbling_3
D:7:      layout_gridville, overflow_temple_1_default,
          nicolae_ossuary_entry_monument
D:8:      layout_loops_ring, nicolae_qazlal_scattered_showers,
          mainiacjoe_overflow_paths, enter_bailey_7, serial_shops,
          nicolae_shop_advertising_works [nicolae_subvault_shop_adworks],
          minmay_unpleasant_kobolds
D:9:      layout_stronghold, uniq_erolcha
D:10:     cheibrodos_helix_gallery, layout_loops_ring,
          kiku_gazebo_garden_becter, erik_orc_3, corexii_leaking_fountain
D:11:     layout_irregular_city, grunt_lair_entry_orc_guard_hut, minivault_11,
          nicolae_blasting_shop, fungi_pond_lemuel, nicolae_uskayaw_en_pointe
D:12:     layout_cave_pools
D:13:     layout_cross, david_vaults_5, uniq_maurice
D:14:     layout_rooms, nrook_uturn, gauntlet_entry_generic, minmay_nine_imps,
          uniq_snorg
D:15:     gammafunk_depths_entry_grave, layout_basic, enter_trove_6,
          kennysheep_flooded_box, minivault_16, amcnicky_mini_pool_medium,
          uniq_roxanne
Temple:   eino_wide_crystal_templ
Lair:1:   layout_long_grid, uniq_urug
Lair:2:   layout_cave_pods, minmay_shoals_entry_centaurs,
          nicolae_spider_entry_non_spiders, kennysheep_rathole,
          grunt_megastairs_5
Lair:3:   dreamdust_labyrinth, layout_regular_city
Lair:4:   layout_long_grid, hellmonk_ghost_happy_afterlife,
          chequers_serial_rivers_micro_e, hangedman_lair_generics_rect,
          infiniplex_staircase_pool, grunt_megastairs_4
Lair:5:   layout_regular_city, nicolae_volcano_entry_lava_flow, st_stairs_4,
          grunt_megastairs_2
Lair:6:   due_jungle_book, layout_big_grid, slime_altar_1, nzn_sisyphean_effort
Spider:1: layout_spider_delve, ebering_ghost_reflecting_pool,
          nicolae_spider_circle_web
Spider:2: layout_spider_delve, drop_trap, uniq_jorgrun, uniq_agnes, uniq_kirke,
          uniq_arachne
Orc:1:    layout_diamond_mine, serial_shops, shop_fountains
Orc:2:    grunt_orc_tribal_feast, layout_caves, minmay_orc_barracks

Skill      XL: |  1  2  3  4  5  6  7  8  9 10 11 12 13 14 15 16 17 |
---------------+----------------------------------------------------+-----
Bows           | 5 6 7 8 10 13 14 16 18 20 21 22 | 22.0
Fighting       | 3 4 5 6 7 8 10 12 14 15 17 18 19 20 | 20.0
Armour         | 1 2 3 4 5 6 7 8 9 10 11 | 11.7
Long Blades    | 1 2 3 5 6 |  6.0
Stealth        | 1 2 |  2.5
Invocations    | 1 2 3 5 6 7 8 9 10 11 | 11.2
Dodging        | 3 4 |  4.9
Evocations     | 1 |  1.1

Action                   |  1- 3 |  4- 6 |  7- 9 | 10-12 | 13-15 | 16-18 || total
-------------------------+-------+-------+-------+-------+-------+-------++-------
Melee: Falchion          |    27 |   119 |   204 |       |       |       ||   350
       Headbutt          |     5 |    17 |    50 |       |       |       ||    72
       Short sword       |     4 |       |       |       |       |       ||     4
       Punch             |       |     2 |     4 |       |       |       ||     6
 Fire: Shortbow          |    95 |    29 |   331 |   799 |       |       ||  1254
       Longbow           |       |       |       |    54 |  1150 |   617 ||  1821
Invok: Heroism           |       |       |     3 |     4 |     3 |     1 ||    11
  Use: Potion            |       |     5 |     1 |       |     2 |     5 ||    13
       Scroll            |       |     6 |     5 |     1 |    11 |     6 ||    29
Armor: Leather armour    |     4 |       |       |       |       |       ||     4
       Chain mail        |    42 |    95 |   136 |       |    19 |   228 ||   520
       Plate armour      |       |       |   142 |   273 |   160 |       ||   575
       Acid dragon scale |       |       |       |       |    59 |       ||    59
       Fire dragon scale |       |       |       |       |     3 |       ||     3
Dodge: Dodged            |    20 |    39 |   136 |   132 |   139 |   110 ||   576

Table legend: (Time is in decaauts)
 A = Elapsed time spent in this place.
 B = Non-inter-level travel time spent in this place.
 C = Inter-level travel time spent in this place.
 D = Time resting spent in this place.
 E = Time spent auto-exploring this place.
 F = Levels seen in this place.
 G = Mean time per level.
                   A        B        C        D        E       F      G
               +--------+--------+--------+--------+--------+-----+--------+
         Total |  27249 |  25522 |   1727 |    760 |  18947 |  30 |  908.3 |
       Dungeon |  15060 |  13882 |   1178 |    295 |  10738 |  15 | 1004.0 |
        Temple |     89 |     78 |     11 |     61 |      4 |   1 |   89.0 |
          Lair |   7813 |   7391 |    422 |    286 |   5601 |   6 | 1302.2 |
   Spider Nest |   1252 |   1208 |     44 |    118 |    783 |   2 |  626.0 |
  Orcish Mines |   1500 |   1431 |     69 |      0 |   1008 |   2 |  750.0 |
       Ossuary |    245 |    245 |      0 |      0 |     79 |   1 |  245.0 |
        Bailey |    408 |    408 |      0 |      0 |    223 |   1 |  408.0 |
       Volcano |    248 |    248 |      0 |      0 |    108 |   1 |  248.0 |
      Gauntlet |    630 |    630 |      0 |      0 |    402 |   1 |  630.0 |
               +--------+--------+--------+--------+--------+-----+--------+

Top non-repeatable levels by time:
  Lair:6: 1751 daAuts
    D:15: 1497 daAuts
  Lair:2: 1360 daAuts
  Lair:3: 1360 daAuts
     D:2: 1268 daAuts
  Lair:4: 1228 daAuts
Spider:1: 1213 daAuts
     D:4: 1157 daAuts
  Lair:5: 1133 daAuts
     D:1: 1116 daAuts
    D:10: 1105 daAuts
     D:5: 1025 daAuts
    D:11: 997 daAuts
     D:6: 988 daAuts
     D:8: 985 daAuts
